 Dungeon Crawl Stone Soup version 0.20.0-8-g6b59dc7 (webtiles) character file.

55087 Monsterracer the Basher (level 14, -6/135 HPs)
             Began as a Gargoyle Fighter on May 30, 2017.
             Was a High Priest of the Shining One.
             Killed by divine providence
             ... invoked by an orc priest
              (14 damage)
             ... on level 2 of the Orcish Mines.
             The game lasted 00:47:18 (24011 turns).

Monsterracer the Basher (Gargoyle Fighter)         Turns: 24011, Time: 00:47:19

Health: -6/135     AC: 31    Str: 19    XL:     14   Next: 75%
Magic:  20/20      EV:  2    Int: 14    God:    the Shining One [*****.]
Gold:   1816       SH: 15    Dex: 15    Spells: 3/13 levels left

rFire    . . .     SeeInvis .   b - +0 morningstar (crush)
rCold    . . .     Gourm    .   c - +0 shield
rNeg     + + +     Faith    .   (armour currently unavailable)
rPois    ∞         Spirit   .   (helmet currently unavailable)
rElec    .         Reflect  +   (cloak currently unavailable)
rCorr    .         Harm     .   (gloves currently unavailable)
MR       +....     NoTele   +   (boots currently unavailable)
Stlth    +.........             w - +3 amulet of reflection
Regen    0.4/turn               H - +4 ring of protection
MPRegen  0.2/turn               e - +3 ring of intelligence

@: tree-form, glowing
A: agile 1, negative energy resistance 1, sense surroundings 1, screaming 1,
petrification resistance, rot immunity, subdued magic 1, AC +9
a: Divine Shield, Cleansing Flame, Summon Divine Warrior, Renounce Religion


You were on level 2 of the Orcish Mines.
You worshipped the Shining One.
The Shining One was extremely pleased with you.
You were hungry.
You were a tree.
You visited 4 branches of the dungeon, and saw 20 of its levels.
You also visited: Ice Cave.

You collected 1934 gold pieces.
You spent 108 gold pieces at shops.
You donated 10 gold pieces to Zin.

Inventory:

Hand Weapons
 b - a +0 morningstar of crushing (weapon)
Armour
 c - a +0 shield (worn)
 p - a +0 cloak (melded)
 t - a +2 helmet (melded)
 u - a +0 plate armour (melded)
 A - a +2 pair of gloves (melded)
 G - the +1 ice dragon scales of Gestures {rElec rF- rC++}
   (You found it in an ice cave)

   It makes you vulnerable to fire.
   It greatly protects you from cold.
   It insulates you from electricity.
Jewellery
 e - a +3 ring of intelligence (right branch)
 w - a +3 amulet of reflection (around neck)
 y - an uncursed ring of see invisible
 H - a +4 ring of protection (left branch)
Wands
 q - a wand of digging (23/24)
 B - a wand of scattershot (6/9)
Scrolls
 a - 4 scrolls of fog
 h - 8 scrolls of teleportation
 i - 8 scrolls of identify
 k - 2 scrolls of enchant weapon
 n - 4 scrolls of fear
 o - 7 scrolls of remove curse
 s - a scroll of recharging
 C - a scroll of summoning
 D - a scroll of blinking
 F - a scroll of magic mapping
Potions
 d - 3 potions of lignification
 m - a potion of mutation
 r - 3 potions of flight
 v - 3 potions of curing
 x - 3 potions of agility
 z - 2 potions of might
Comestibles
 f - 15 bread rations
 g - 8 meat rations
 j - 18 fruits
 l - 23 royal jellies
 I - 6 chunks of flesh


   Skills:
 + Level 11.0 Fighting
 * Level 14.4 Maces & Flails
 + Level 11.3 Armour
 + Level 8.5 Dodging
 + Level 10.8 Shields
 - Level 1.9 Charms
 + Level 8.2 Invocations


You had 3 spell levels left.
You knew the following spells:

 Your Spells              Type           Power        Failure   Level  Hunger
a - Swiftness             Chrm/Air       #.......     41%         2    ###....
b - Spectral Weapon       Hex/Chrm       #.......     65%         3    ####...
c - Shroud of Golubria    Chrm/Tloc      #.........   41%         2    ###....
d - Song of Slaying       Chrm           #.......     28%         2    ###....
e - Apportation           Tloc           #.....       38%         1    ##.....


Dungeon Overview and Level Annotations

Branches:
Dungeon (11/15)            Temple (1/1) D:6            Lair (6/6) D:11
 Shoals (0/4) Lair:2       Spider (0/4) Lair:2        Slime (0/5) Lair:5
    Orc (2/2) D:11            Elf (0/3) Orc:2

Altars:
Ashenzari
Cheibriados
Dithmenos
Elyvilon
Fedhas
Gozag
Hepliaklqana
Kikubaaqudgha
Makhleb
Nemelex Xobeh
Okawaru
Qazlal
Ru
Sif Muna
Trog
Uskayaw
Vehumet
Xom
Yredelemnul
Zin
The Shining One
Jiyva

Shops:
D:7 (

Portals:
Trove: D:10 (give +4 shadow dragon scales)

Annotations:
Lair:6 exclusion: oklob plant


Innate Abilities, Weirdness & Mutations

You are resistant to torment.
((Your stone body is resilient. (AC +9)))
You are immune to poison.
((Your large and strong wings let you fly indefinitely.))
You resist negative energy. (rN+)
((You are resistant to electric shocks. (rElec)))
((You can survive without breathing.))
You are immune to petrification.
You are immune to rotting.
You are agile. (Dex +2)
You passively map a small area around you.
You occasionally shout uncontrollably at your foes.
Your spells are a little easier to cast, but a little less powerful.


Message History

* * * LOW HITPOINT WARNING * * *
The orc completely misses your angel.
The orc high priest invokes the aid of Beogh against you.
Beogh smites you!
* * * LOW HITPOINT WARNING * * *
You feel better.
Your angel gestures.
Your angel is healed somewhat.
The orc knight hits you with a broad axe!
* * * LOW HITPOINT WARNING * * *
The orc knight hits your angel with a broad axe.
The orc knight unwields an uncursed battleaxe.
The orc knight wields an arbalest.
The orc knight shoots a bolt.
The bolt completely misses your angel.
The bolt hits the orc knight!!
The orc knight dies!
You block the orange demon's attack.
The soul eater hits you but does no damage.
The orc priest invokes the aid of Beogh against you.
Beogh smites you!
You die...

* #÷... *
##.....
..o4...
##.ooo...
##.÷ooo.
#.4Aoo , *
##.(3#o , ,
#..♣# ,
#..)##* *
#....###*
##.....#######
##..........#
##..)......#
###.......# #
##......# #
##....#.## #


You could see 2 orc knights, a soul eater, 2 orc high priests, an orange demon,
a chaos spawn, an orc sorcerer, 2 orc warriors, an orc priest, an orc and a
friendly angel.

Vanquished Creatures
  Nessos (Lair:5)
  Josephine (Orc:2)
  Erolcha (Orc:2)
  A vault guard (D:10)
  6 hydras
  Erica (D:8)
  3 two-headed ogres
  6 death yaks (Lair:6)
  A queen ant (Lair:3)
  Pikel (D:8)
  2 orc sorcerers
  2 ugly things (IceCv)
  A manticore (Lair:2)
  Joseph (D:8)
  4 elephants (Lair:4)
  3 ice statues (IceCv)
  Psyche (D:11)
  11 spiny frogs
  9 komodo dragons
  3 trolls
  A polar bear (Lair:5)
  A queen bee (Lair:2)
  5 hornets (Lair:6)
  8 blink frogs
  2 dream sheep (Lair:6)
  7 hippogriffs
  Sigmund (D:2)
  12 spriggans (Lair:6)
  Grum (D:8)
  3 basilisks
  2 wyverns
  3 wraiths (Orc:2)
  20 yaks
  A hungry ghost (D:11)
  2 wargs (Orc:2)
  10 soldier ants (Lair:3)
  15 water moccasins
  2 hell hounds (D:11)
  10 porcupines
  11 orc warriors
  2 phantoms
  4 slaves (D:8)
  6 black bears
  7 ice beasts
  4 ogres
  5 sky beasts
  2 necrophages
  34 wolves
  4 boggarts
  2 centaurs
  13 crocodiles
  3 big kobolds
  A gnoll sergeant (D:8)
  12 bullfrogs
  A wyvern zombie (D:9)
  A wyvern skeleton (D:11)
  A water moccasin zombie (D:8)
  6 scorpions
  24 killer bees (Lair:2)
  3 wights (D:10)
  2 howler monkeys
  4 crimson imps
  A bullfrog zombie (D:11)
  3 hounds
  4 jellies
  A quasit (D:5)
  2 bullfrog skeletons
  A centaur skeleton (D:9)
  11 orc priests
  A gnoll shaman (D:9)
  16 orc wizards
  5 iguanas
  5 hell rats (Lair:1)
  20 worker ants
  2 hound zombies
  A hound skeleton (D:4)
  10 adders
  21 gnolls
  3 river rats (Lair:1)
  3 shadow imps
  12 white imps (Lair:6)
  4 oozes
  3 adder skeletons
  6 worms
  6 dart slugs
  2 leopard geckos
  69 orcs
  4 ball pythons
  9 bats
  5 giant cockroaches
  6 goblins
  7 hobgoblins
  10 jackals
  3 quokkas
  4 frilled lizards
  21 kobolds
  A quokka skeleton (D:5)
  12 rats
  A fungus (Lair:3)
612 creatures vanquished.

Vanquished Creatures (collateral kills)
  2 orc knights (Orc:2)
  An orc sorcerer (Orc:2)
  4 orc warriors (Orc:2)
  A howler monkey (D:7)
  5 orc priests (Orc:2)
  3 orc wizards (Orc:2)
  4 orcs (Orc:2)
20 creatures vanquished.

Vanquished Creatures (others)
  An orc knight (Orc:2)
  2 orcs
  8 fungi
  7 plants
18 creatures vanquished.

Grand Total: 650 creatures vanquished

Notes
Turn   | Place    | Note
-------+----------+-------------------------------------------
     0 | D:1      | Monsterracer the Gargoyle Fighter began the quest for the Orb.
     0 | D:1      | Reached XP level 1. HP: 14/14 MP: 1/1
    39 | D:1      | Reached XP level 2. HP: 19/19 MP: 2/2
   224 | D:1      | Reached skill level 3 in Maces & Flails
   505 | D:1      | Reached XP level 3. HP: 23/23 MP: 3/3
   955 | D:2      | Reached skill level 4 in Maces & Flails
  1201 | D:2      | Reached XP level 4. HP: 28/28 MP: 4/4
  1276 | D:2      | Found a glowing silver altar of Zin.
  1336 | D:2      | Noticed Sigmund
  1342 | D:2      | Killed Sigmund
  1342 | D:2      | Reached skill level 5 in Maces & Flails
  1342 | D:2      | Reached XP level 5. HP: 23/32 MP: 5/5
  1562 | D:2      | Reached skill level 6 in Maces & Flails
  1643 | D:2      | Became a worshipper of Zin the Law-Giver
  1823 | D:3      | Found a radiant altar of Vehumet.
  1827 | D:3      | Reached XP level 6. HP: 37/37 MP: 6/6
  1875 | D:3      | Found an opulent altar of Gozag.
  1961 | D:3      | Reached * piety under Zin
  2047 | D:3      | Found a shadowy altar of Dithmenos.
  2305 | D:4      | Fell from the grace of Zin
  2747 | D:4      | Reached skill level 1 in Dodging
  3272 | D:4      | Reached XP level 7. HP: 31/42 MP: 7/7
  3791 | D:5      | Entered Level 5 of the Dungeon
  4171 | D:5      | Reached skill level 7 in Maces & Flails
  4303 | D:5      | Reached XP level 8. HP: 46/48 MP: 8/8
  4681 | D:5      | Found a hide-covered altar of Uskayaw.
  4822 | D:6      | Reached skill level 5 in Armour
  4874 | D:6      | Reached skill level 5 in Fighting
  5007 | D:6      | Reached skill level 5 in Shields
  5255 | D:6      | Reached skill level 8 in Maces & Flails
  5538 | D:6      | Reached XP level 9. HP: 54/54 MP: 9/9
  5578 | D:6      | Gained mutation: You passively map a small area around you. [potion of mutation]
  5578 | D:6      | Gained mutation: You occasionally shout uncontrollably at your foes. [potion of mutation]
  5578 | D:6      | Gained mutation: Your spells are a little easier to cast, but a little less powerful. [potion of mutation]
  5578 | D:6      | Gained mutation: You are agile. (Dex +2) [potion of mutation]
  5671 | D:6      | Found a staircase to the Ecumenical Temple.
  5680 | Temple   | Entered the Ecumenical Temple
  5689 | Temple   | Became a worshipper of Elyvilon the Healer
  6435 | D:7      | Reached skill level 1 in Invocations
  6582 | D:7      | Found an ancient bone altar of Kikubaaqudgha.
  6584 | D:7      | Found a blossoming altar of Fedhas.
  6919 | D:7      | Reached * piety under Elyvilon
  6970 | D:7      | Found Hunigoj's Antique Weapon Emporium.
  6993 | D:7      | Bought a morningstar for 108 gold pieces
  7195 | D:8      | Noticed Grum
  7219 | D:8      | Killed Grum
  7229 | D:8      | Reached skill level 9 in Maces & Flails
  7813 | D:8      | Noticed Joseph
  7844 | D:8      | Killed Joseph
  7844 | D:8      | Reached XP level 10. HP: 32/61 MP: 12/12
  8205 | D:8      | Reached ** piety under Elyvilon
  8296 | D:8      | Noticed Pikel
  8306 | D:8      | Noticed a two-headed ogre
  8313 | D:8      | Killed Pikel
  8604 | D:8      | Killed a two-headed ogre
  8656 | D:8      | Noticed Erica
  8669 | D:8      | Killed Erica
  8669 | D:8      | Reached skill level 10 in Maces & Flails
  8729 | D:8      | Reached skill level 5 in Dodging
  9710 | D:9      | Reached XP level 11. HP: 61/67 MP: 14/14
  9941 | D:9      | Found a deep blue altar of Sif Muna.
 10012 | D:10     | Entered Level 10 of the Dungeon
 10012 | D:10     | Reached *** piety under Elyvilon
 10041 | D:10     | Noticed a two-headed ogre
 10085 | D:10     | Killed a two-headed ogre
 10367 | D:10     | Noticed a two-headed ogre
 10379 | D:10     | Killed a two-headed ogre
 10379 | D:10     | Reached skill level 5 in Invocations
 10557 | D:10     | Noticed a vault guard
 10818 | D:10     | Killed a vault guard
 10862 | D:10     | Found a portal to a secret trove of treasure.
 10896 | D:10     | Identified Okil's Almanac of Weightlessness and Clay
 10912 | D:10     | Learned a level 2 spell: Swiftness
 11100 | D:11     | Noticed Psyche
 11115 | D:11     | Killed Psyche
 11345 | D:11     | Found a staircase to the Orcish Mines.
 11476 | D:11     | Reached skill level 11 in Maces & Flails
 11801 | D:11     | Reached **** piety under Elyvilon
 11843 | D:11     | Found a staircase to the Lair.
 12242 | Lair:1   | Entered Level 1 of the Lair of Beasts
 12262 | Lair:1   | Noticed an eight-headed hydra
 12271 | Lair:1   | Killed an eight-headed hydra
 13033 | Lair:1   | Noticed a four-headed hydra
 13048 | Lair:1   | Killed a four-headed hydra
 13052 | Lair:1   | Reached XP level 12. HP: 63/74 MP: 16/16
 13769 | Lair:2   | Found a staircase to the Shoals.
 14082 | Lair:2   | Learned a level 1 spell: Apportation
 14102 | Lair:2   | Found a hole to the Spider Nest.
 15282 | Lair:3   | Reached skill level 12 in Maces & Flails
 15328 | Lair:3   | Noticed a queen ant
 15343 | Lair:3   | Killed a queen ant
 15363 | Lair:3   | Reached ***** piety under Elyvilon
 15678 | Lair:3   | Noticed a six-headed hydra
 15686 | Lair:3   | Killed a six-headed hydra
 15836 | Lair:3   | Noticed a six-headed hydra
 15844 | Lair:3   | Killed a six-headed hydra
 16027 | Lair:3   | Reached XP level 13. HP: 35/80 MP: 18/18
 17242 | Lair:4   | Learned a level 2 spell: Shroud of Golubria
 17245 | Lair:4   | Learned a level 2 spell: Song of Slaying
 17249 | Lair:4   | Learned a level 3 spell: Spectral Weapon
 17934 | Lair:5   | Noticed Nessos
 17942 | Lair:5   | Killed Nessos
 17942 | Lair:5   | Reached skill level 13 in Maces & Flails
 17942 | Lair:5   | Reached skill level 10 in Armour
 18034 | Lair:5   | Reached skill level 1 in Charms
 18071 | Lair:5   | Found a runed door.
 18074 | Lair:5   | Found a viscous altar of Jiyva.
 18074 | Lair:5   | Found a staircase to the Slime Pits.
 18113 | Lair:5   | Reached skill level 10 in Fighting
 18404 | Lair:5   | Reached ****** piety under Elyvilon
 19234 | Temple   | Fell from the grace of Elyvilon
 19239 | Temple   | Became a worshipper of the Shining One
 19239 | Temple   | Reached * piety under the Shining One
 19239 | Temple   | Reached ** piety under the Shining One
 19239 | Temple   | Reached *** piety under the Shining One
 19490 | Lair:6   | Entered Level 6 of the Lair of Beasts
 19650 | Lair:6   | Reached skill level 10 in Shields
 19715 | Lair:6   | Found a frozen archway.
 19750 | Lair:6   | Reached **** piety under the Shining One
 19759 | IceCv    | Entered an ice cave
 20878 | IceCv    | Got a smoking cloak
 20889 | IceCv    | Identified the cursed -5 cloak "Ilomigeomo" {-Cast rN+++ MP+9 Int-4} (You found it in an ice cave)
 20906 | IceCv    | Got transparent ice dragon scales
 20923 | IceCv    | Identified the cursed +1 ice dragon scales of Gestures {rElec rF- rC++} (You found it in an ice cave)
 21373 | Lair:6   | Gained mutation: Your large and strong wings let you fly indefinitely. [Gargoyle growth]
 21373 | Lair:6   | Reached XP level 14. HP: 86/88 MP: 19/19
 22050 | Lair:6   | Reached ***** piety under the Shining One
 22075 | Lair:6   | Reached skill level 14 in Maces & Flails
 22722 | Orc:1    | Entered Level 1 of the Orcish Mines
 22961 | Orc:2    | Entered Level 2 of the Orcish Mines
 23112 | Orc:2    | Found a staircase to the Elven Halls.
 23153 | Orc:2    | HP: 4/88 [orc priest/divine providence (12)]
 23413 | Orc:2    | Noticed Josephine
 23434 | Orc:2    | Killed Josephine
 23489 | Orc:1    | Noticed an orc warlord
 23664 | Orc:2    | Noticed Erolcha
 23672 | Orc:2    | Killed Erolcha
 23763 | Orc:2    | Paralysed by an orc sorcerer for 2 turns
 24004 | Orc:2    | Paralysed by an orc sorcerer for 3 turns
 24011 | Orc:2    | Killed from afar by an orc priest

Skill      XL: |  1  2  3  4  5  6  7  8  9 10 11 12 13 14 |
---------------+-------------------------------------------+-----
Maces & Flails | 3 4 5 6 7 8 9 10 11 12 13 14 | 14.4
Dodging        | 1 2 3 4 5 6 7 8 |  8.5
Armour         | 4 5 6 7 8 9 10 11 | 11.3
Fighting       | 4 5 6 7 8 9 10 11 | 11.0
Shields        | 4 5 6 7 8 9 10 | 10.8
Invocations    | 3 4 6 7 8 |  8.2
Charms         | 1 |  1.9

Action                   |  1- 3 |  4- 6 |  7- 9 | 10-12 | 13-15 || total
-------------------------+-------+-------+-------+-------+-------++-------
Melee: Flail             |   121 |   164 |   429 |       |       ||   714
       Morningstar       |       |       |   152 |  1343 |  1183 ||  2678
Invok: Renounce Religion |       |     1 |       |       |     1 ||     2
       Divine Shield     |       |       |       |       |     3 ||     3
       Summon Divine War |       |       |       |       |     1 ||     1
 Abil: Fly               |       |       |       |       |     1 ||     1
  Use: Potion            |     2 |     3 |     6 |     5 |     5 ||    21
       Scroll            |       |       |    16 |    10 |     5 ||    31
  Eat: Chunk             |     1 |     7 |    13 |    30 |    25 ||    76
       Royal jelly       |       |       |     1 |       |       ||     1
       Fruit             |       |       |       |     2 |     3 ||     5
Armor: Scale mail        |    81 |    74 |   187 |       |       ||   342
       Plate armour      |       |       |   149 |   745 |   664 ||  1558
       Skin              |       |       |       |    12 |     6 ||    18
Dodge: Dodged            |    45 |    41 |   146 |   363 |   327 ||   922
Block: Shield            |    77 |    83 |   269 |   925 |   958 ||  2312
       Reflection        |       |       |       |       |    15 ||    15
